AoeStats
← Red Calypso

Socotra

506944858Analyzed
4v4 RM · 17d ago on Sep 15, 2026· 28m 1s· 8 players
Game mode
Random Map
Map size
148×148
Population
200
Speed
Normal
Resources
Standard
Victory
Conquest
Starting age
Dark Age
Ending age
Imperial Age
RankedLock teamsTeams togetherTeam positionsShared explorationLock speedFull tech treeHidden civsTurbo modeCheats
Victory
Defeat
🇦🇹 Khitans · Austria
1469
+12
🇩🇪 Malay · Germany
1406
+15
🇩🇪 Persians · Germany
1385
+16
🇮🇹 Romans · Italy
1244
+22
🇦🇷 Maya · Argentina
1415
-18
🇺🇾 Poles · Uruguay
1396
-17
🇦🇷 Magyars · Argentina
1368
-16
🇦🇷 Jurchens · Argentina
1326
-14
Red Calypso
7:19 Loom
9:49 Feudal Age
10:25 Double-Bit Axe
12:45 Forging
16:04 Scale Barding Armor
20:25 Wheelbarrow
19:45 Gold Mining
20:07 Domestication
23:13 Castle Age
23:18 Light Cavalry
24:00 Husbandry
24:25 Chain Barding Armor
24:40 Iron Casting
24:24 Bow Saw
24:21 Pastoralism
Aremenius
6:38 Loom
25:06 Feudal Age
30:27 Castle Age
LukasPlanet
6:48 Loom
10:04 Feudal Age
10:11 Double-Bit Axe
10:10 Horse Collar
18:02 Scale Barding Armor
20:37 Wheelbarrow
23:26 Castle Age
22:09 Forging
22:22 Gold Mining
23:16 Husbandry
24:07 Iron Casting
25:03 Gold Shaft Mining
Dagoth_Ur
6:26 Loom
8:54 Feudal Age
8:57 Man-at-Arms
12:13 Scale Mail Armor
27:02 Castle Age
26:00 Fletching
27:36 Double-Bit Axe
27:34 Horse Collar
ValkriaN
5:54 Loom
9:08 Feudal Age
13:08 Double-Bit Axe
[LdS]Nestoter
3:47 Loom
8:28 Feudal Age
9:35 Double-Bit Axe
13:28 Fletching
13:52 Town Watch
14:18 Horse Collar
17:50 Wheelbarrow
21:34 Castle Age
19:51 Gold Mining
21:41 Crossbowman
22:46 Bow Saw
22:34 Bodkin Arrow
22:58 Heavy Plow
25:29 Thumb Ring
Rockl
6:08 Loom
8:23 Feudal Age
9:11 Double-Bit Axe
17:26 Forging
19:38 Horse Collar
26:33 Castle Age
25:23 Scale Barding Armor
25:42 Bloodlines
25:44 Gold Mining
27:36 Chain Barding Armor
27:41 Bow Saw
27:35 Heavy Plow
Tostadora Industrial
0:30 Loom
8:28 Feudal Age
9:28 Double-Bit Axe
15:05 Fletching
22:04 Castle Age
20:30 Horse Collar
21:03 Gold Mining
23:19 Pikeman
Connection lost

Rejoining the realm…

Still unreachable

The connection could not be restored.

Session expired

The server has moved on; the page needs a fresh start.